Map: Orbital Shipyard

Players

LilDicky

  • Race: Terran Terran
  • League: Diamond

wildcard - Winner!

  • Race: Protoss Protoss
  • League: Gold

VOD

http://www.twitch.tv/tumescentpie

Description

Time

  • Played on: Jan. 3, 2016, 4:45 a.m.
  • Length: 4:55
Show
View Real Time Build Order
Export as new Build Order

LilDicky Terran 

Build Orders: Command Center First (CC) 

Get SALT Encoding   

  12  0:05  SCV  
  13  0:26  SCV  
  14  0:41  SCV  
  15  0:49  Supply Depot  
  15  1:11  SCV  
  16  1:24  SCV  
  17  1:33  Command Center  
  17  1:37  Barracks  
  17  1:39  Barracks x2  
  17  1:46  SCV  
  18  1:58  SCV  
  19  2:10  SCV  
  20  2:28  Marine, Orbital Command  
  20  2:29  Marine x2  
  23  2:38  Refinery  
  23  2:39  Refinery  
  23  2:46  Marine  
  24  2:59  SCV  
  24  3:00  Marine  
  24  3:01  Marine  
  24  3:04  Marine, Orbital Command  
  28  3:11  SCV  
  29  3:18  Marine x2  
  31  3:23  SCV  
  33  3:34  SCV  
  32  3:35  SCV  
  32  3:40  Barracks Tech Lab x2  
  32  3:41  Barracks Reactor  
  32  3:46  SCV  
  32  3:47  SCV  
  32  3:48  Factory  
  34  3:58  SCV  
  34  3:59  SCV  
  34  4:01  Command Center, Marine  
  37  4:06  Marine  
  38  4:27  Refinery  
  38  4:30  Supply Depot  
  38  4:36  SCV x2, Engineering Bay, Marine x4  
  44  4:39  Factory Reactor  
Show
View Real Time Build Order
Export as new Build Order

wildcard Protoss - Winner!

Build Orders: 1 Gate Expand, Nexus First, Oracle Opening 

Get SALT Encoding   

  12  0:01  Probe (Chrono Boost)  
  13  0:13  Pylon  
  13  0:17  Probe (Chrono Boost)  
  14  0:28  Probe (Chrono Boost)  
  15  0:33  Gateway  
  15  0:38  Probe (Chrono Boost)  
  16  1:05  Nexus  
  16  1:12  Assimilator  
  16  1:21  Cybernetics Core  
  16  1:25  Probe (Chrono Boost)  
  17  1:35  Probe (Chrono Boost), Assimilator  
  18  1:46  Probe (Chrono Boost)  
  19  2:04  Pylon  
  19  2:09  Mothership Core (Chrono Boost)  
  19  2:14  Adept  
  23  2:18  Probe (Chrono Boost)  
  24  2:28  Probe x2 (Chrono Boost)  
  26  2:38  Probe (Chrono Boost)  
  26  2:39  Probe (Chrono Boost)  
  26  2:41  Stargate  
  28  2:49  Probe (Chrono Boost)  
  28  2:51  Warp Gate (Chrono Boost)  
  29  2:57  Probe (Chrono Boost)  
  30  3:00  Probe (Chrono Boost)  
  31  3:06  Assimilator  
  31  3:09  Assimilator  
  31  3:10  Probe (Chrono Boost)  
  32  3:21  Probe (Chrono Boost)  
  33  3:38  Probe (Chrono Boost)  
  33  3:40  Oracle  
  37  3:47  Probe (Chrono Boost)  
  38  3:51  Gateway, Pylon  
  38  3:52  Pylon  
  38  3:55  Gateway  
  38  3:59  Probe  
  38  4:00  Probe  
  40  4:10  Probe  
  40  4:11  Gateway  
  40  4:16  Pylon x2  
  41  4:23  Twilight Council  
  41  4:24  Pylon  
  41  4:36  Probe  
  41  4:37  Probe  
Tags
 
Add a new tag
Caveats
  • Supply blocks, unpowered buildings, or Contaminate may cause inaccurate times.
  • Supply counts are checked every 10 seconds.